 Dungeon Crawl Stone Soup version 0.25.0-1-g7eea58d (webtiles) character file.

Game seed: 13990126004250230801

653 auberdahn the Quickloader (level 7, 0/44 HPs)
             Began as a Kobold Hunter on June 23, 2020.
             Was an Initiate of Okawaru.
             Blown up by an orc (15 damage)
             ... with a disintegration bolt
             ... on level 4 of the Dungeon.
             The game lasted 00:05:22 (5104 turns).

auberdahn the Quickloader (Kobold Hunter)           Turns: 5104, Time: 00:05:23

Health: 0/44       AC:  6    Str: 10    XL:     7   Next: 84%
Magic:  7/7        EV: 15    Int: 14    God:    Okawaru [......]
Gold:   110        SH:  0    Dex: 15    Spells: 6/6 levels left

rFire    . . .     SeeInvis .   b - +5 short sword (speed)
rCold    . . .     Gourm    .   (shield restricted)
rNeg     . . .     Faith    .   k - +0 ring mail
rPois    .         Spirit   .   j - +0 helmet
rElec    .         Reflect  .   (no cloak)
rCorr    .         Harm     .   (no gloves)
MR       .....                  (no boots)
Stlth    +.........             (no amulet)
HPRegen  0.14/turn              (no ring)
MPRegen  0.10/turn              (no ring)

@: very slow
A: small, carnivore
a: Renounce Religion


You were on level 4 of the Dungeon.
You worshipped Okawaru.
Okawaru was noncommittal.
You were completely stuffed.

You visited 2 branches of the dungeon, and saw 7 of its levels.

You collected 110 gold pieces.

Inventory:

Hand Weapons
 a - a +1 hand crossbow
 b - a +5 short sword of speed (weapon)
 e - a +0 short sword
 i - a +0 spear
 m - a +2 short sword of draining
Missiles
 d - 44 bolts
Armour
 c - a +0 leather armour
 j - a +0 helmet (worn)
 k - a +0 ring mail (worn)
 p - a +2 kite shield of positive energy
Jewellery
 o - a cursed amulet of inaccuracy {unknown}
Scrolls
 g - 7 scrolls of identify {unknown}
 h - 3 scrolls of remove curse {unknown}
 q - a scroll of immolation {unknown}
 r - a scroll of noise {unknown}
 u - 4 scrolls of teleportation {unknown}
 w - a scroll of magic mapping {unknown}
Potions
 l - a potion of invisibility {unknown}
 n - 2 potions of might {unknown}
 s - a potion of heal wounds {unknown}
 t - a potion of haste {unknown}
Comestibles
 f - 6 rations {!d}


   Skills:
 + Level 4.7 Fighting
 * Level 8.3 Crossbows
 + Level 5.2 Dodging
 - Level 1.3 Stealth


You had 6 spell levels left.
You didn't know any spells.
Your spell library was empty.

Dungeon Overview and Level Annotations

Branches:
Dungeon (6/15)             Temple (1/1) D:5

Altars:
Dithmenos
Elyvilon
Fedhas
Gozag
Hepliaklqana
Kikubaaqudgha
Nemelex Xobeh
Okawaru
Sif Muna
Trog
Uskayaw
Vehumet
Wu Jian
Xom
The Shining One


Innate Abilities, Weirdness & Mutations

You are small and have problems with some larger weapons.
You are carnivorous and can eat meat at any time.


Message History

* * * LOW HITPOINT WARNING * * *
The orc wizard barely misses you.
The orc wizard gestures wildly while chanting.
The orc wizard blinks!
You are too injured to fight recklessly!
You are too injured to fight recklessly!
You are too injured to fight recklessly!
You are too injured to fight recklessly!
You are too injured to fight recklessly!
You are too injured to fight recklessly!
You are too injured to fight recklessly!
You are too injured to fight recklessly!
You are too injured to fight recklessly!
You are too injured to fight recklessly!
You are too injured to fight recklessly!
You are too injured to fight recklessly!
You are too injured to fight recklessly!
You are too injured to fight recklessly!
The orc zaps a wand.
You are blasted!
You die...

#≈≈≈≈≈≈≈≈≈≈≈♣♣.......>.##
#♣≈≈≈≈P≈≈♣P♣≈P.......#.#
#≈≈≈♣≈≈≈≈≈≈≈♣♣.....##.##
#≈♣≈≈≈≈≈P≈≈♣♣..#####..#
##♣♣≈♣≈≈♣PP♣♣.## ##.##
♣PP≈≈≈≈≈o..# #..#
#≈♣P≈oPP♣#### ##.##
##♣♣≈o≈PP# #..# ♣♣♣@♣##
##.## .####P≈≈## ##..#
..........######..##
....#####.........## ..#
#########..## .
##...##### ##.....#...
#.......... ##.......###


You could see an orc wizard and an orc.

Vanquished Creatures
  An ogre (D:5)
  2 centaurs (D:5)
  4 crimson imps (D:3)
  A bullfrog skeleton (D:4)
  An iguana (D:4)
  An orc wizard (D:3)
  A hound zombie (D:2)
  Robin (D:2)
  4 adders
  3 worms
  4 dart slugs
  4 leopard geckos
  9 orcs
  2 ball pythons (D:1)
  7 bats
  A giant cockroach (D:5)
  9 hobgoblins
  13 jackals
  2 quokkas
  5 frilled lizards
  16 goblins
  8 kobolds
  8 rats
107 creatures vanquished.

Notes
Turn   | Place    | Note
-------+----------+-------------------------------------------
     0 | D:1      | auberdahn the Kobold Hunter began the quest for the Orb.
     0 | D:1      | Reached XP level 1. HP: 12/12 MP: 1/1
   235 | D:1      | Reached skill level 5 in Crossbows
   252 | D:1      | Reached XP level 2. HP: 18/18 MP: 2/2
   586 | D:1      | Reached XP level 3. HP: 15/22 MP: 3/3
  1765 | D:2      | Found a blossoming altar of Fedhas.
  1793 | D:2      | Reached XP level 4. HP: 27/27 MP: 4/4
  1963 | D:2      | Found a glowing golden altar of the Shining One.
  2036 | D:2      | Noticed Robin
  2045 | D:2      | Killed Robin
  2421 | D:2      | Reached skill level 6 in Crossbows
  2659 | D:3      | Reached XP level 5. HP: 31/32 MP: 5/5
  3110 | D:3      | Found a shimmering altar of Xom.
  3132 | D:3      | Reached XP level 6. HP: 33/37 MP: 6/6
  3151 | D:3      | Reached skill level 7 in Crossbows
  3896 | D:4      | Reached XP level 7. HP: 42/43 MP: 7/7
  3903 | D:4      | Found a hazy altar of Hepliaklqana.
  4114 | D:4      | Found an opulent altar of Gozag.
  4171 | D:4      | You fall into a shaft and drop 2 floors!
  4176 | D:5      | Entered Level 5 of the Dungeon
  4176 | D:5      | Found a staircase to the Ecumenical Temple.
  4224 | Temple   | Entered the Ecumenical Temple
  4359 | Temple   | Became a worshipper of Warmaster Okawaru
  4432 | D:5      | Found a shimmering blue altar of Sif Muna.
  4482 | D:5      | Reached skill level 8 in Crossbows
  4482 | D:5      | Reached skill level 5 in Dodging
  5104 | D:4      | Blown up by an orc

Illustrated notes

Levels and vault maps discovered:
D:1:      dpeg_arrival_circle_labyrinth_c, layout_basic
D:2:      layout_basic, lemuel_crystal_altar, first_ration,
          nicolae_tso_carved_into_rock, uniq_robin
D:3:      layout_basic, led_xom_imps
D:4:      layout_cave_pods, kennysheep_little_box, old_standard_altar,
          serial_bayou_lake_a
D:5:      layout_rooms, kennysheep_mini_moat, minmay_temple_entry_wispy
D:6:      layout_cave_pools
Temple:   jpeg_temple_clearing

Skill      XL: |  1  2  3  4  5  6  7 |
---------------+----------------------+-----
Crossbows      | 5 6 7 8 |  8.3
Dodging        | 3 4 5 |  5.2
Fighting       | 3 4 |  4.7
Stealth        | |  1.3

Action                   |  1- 3 |  4- 6 |  7- 9 || total
-------------------------+-------+-------+-------++-------
Melee: Spear             |    90 |       |       ||    90
       Short sword       |    49 |   198 |   104 ||   351
 Stab: Sleeping          |     2 |     1 |     1 ||     4
  Eat: Chunk             |    11 |     7 |     4 ||    22
Armor: Leather armour    |    35 |       |       ||    35
       Ring mail         |       |    47 |    12 ||    59
Dodge: Dodged            |   124 |   113 |    70 ||   307
